 Dungeon Crawl Stone Soup version 0.31-a0-152-g6aa68a64a1 (webtiles) character file.

Game seed: 2369905037192584190

16 qw the Shooter (level 2, 0/25 HPs)
             Began as a Minotaur Hunter on June 9, 2023.
             Succumbed to their own poison gas
             ... on level 1 of the Dungeon.
             The game lasted 00:00:10 (895 turns).

qw the Shooter (Minotaur Hunter)                     Turns: 895, Time: 00:00:10

Health: 0/25       AC:  3    Str: 15    XL:     2   Next: 37%
Magic:  1/1        EV: 12    Int:  6    God:
Gold:   31         SH:  0    Dex: 13    Spells: 1/1 levels left

rFire   . . .        Y - +0 shortbow (flame)
rCold   . . .        (shield currently unavailable)
rNeg    . . .        c - +0 leather armour
rPois   .            (helmet restricted)
rElec   .            (no cloak)
rCorr   +            (no gloves)
SInv    .            (no boots)
Will    .....        (no amulet)
Stlth   +            e - ring of resist corrosion
HPRegen 0.24/turn    (no ring)
MPRegen 0.07/turn

%: no passive effects
@: lethally poisoned (0 -> -4)
A: horns 2, retaliatory headbutt
a: no special abilities


You were on level 1 of the Dungeon.
You visited 1 branch of the dungeon, and saw 1 of its levels.

You collected 31 gold pieces.


Innate Abilities, Weirdness & Mutations

You have a pair of horns on your head.
You reflexively headbutt those who attack you in melee.


   Skills:
 + Level 2.8 Fighting
 - Level 5.0 Ranged Weapons
 - Level 2.1 Dodging
 - Level 0.7 Stealth


You had one spell level left.
You didn't know any spells.
Your spell library was empty.

Inventory:

Hand Weapons
 Y - a +0 shortbow of flaming (weapon)
Armour
 c - a +0 leather armour (worn)
Jewellery
 e - a ring of resist corrosion (left hand)
Potions
 g - a potion of curing {unknown}

Dungeon Overview and Level Annotations

Branches:
Dungeon (1/15)

Altars:


Message History

Enter note:
Enter note:
Enter note:
Enter note:
Enter note: Really walk into that cloud of poison gas?
You are engulfed in poison gas.
You are poisoned.
You feel very sick.
Enter note:
Enter note:
Enter note:
Enter note:
Enter note:
Enter note:
Enter note:
Enter note:
Enter note:
Enter note:
Enter note:
Enter note:
Enter note:
Enter note:
Enter note:
Enter note:
889 ||| Stepping ~*~*~tactically~*~*~ (cloud).
You feel very sick.
Things that are here:
a scroll of poison; a scroll of butterflies
There is a lethal amount of poison in your body!
You feel very sick.
There is a lethal amount of poison in your body!
You feel very sick.
There is a lethal amount of poison in your body!
You feel sick.
There is a lethal amount of poison in your body!
You feel sick.
There is a lethal amount of poison in your body!
You feel sick.
There is a lethal amount of poison in your body!
You die...

#.# #..# 7..77........7P.~P #.#
##>###0077¤.........^~~
#.########....¤¤0P0........7P.~P
#.........#...00¤¤¤....<..[77777
##########....¤0P¤.........7P.~~
######.¤77..........^~~
7¤¤77P.......7P.~~
77.7777.7777.777777 #####
7P@P7PP..77..PP7 ....#
700¤7..^.77.^..7 ....##
70~~77~~~77~~~77 .....#
7P0P77~~P77~~~7 .....#
###778777787777877 .....#
##.##777


777 777 #.##.######...##### ### #.##...........##.# #.# #.##########..###.# #.#
There were no monsters in sight!

Vanquished Creatures
  A gnoll (D:1)
  2 endoplasms (D:1)
  A frilled lizard (D:1)
  A goblin (D:1)
  2 rats (D:1)
7 creatures vanquished.

Notes
Turn   | Place    | Note
-------+----------+-------------------------------------------
     0 | D:1      | qw the Minotaur Hunter began the quest for the Orb.
     0 | D:1      | Reached XP level 1. HP: 18/18 MP: 0/0
     0 | D:1      | 0 ||| qw: Version: 0.2-a-121-gba3a3e5
     0 | D:1      | 0 ||| qw: Game counter: 3230
     0 | D:1      | 0 ||| qw: Always use a shield: true
     0 | D:1      | 0 ||| qw: God list: Okawaru
     0 | D:1      | 0 ||| qw: Allow faded altars: false
     0 | D:1      | 0 ||| qw: Do Orc after D:15 true
     0 | D:1      | 0 ||| qw: Do second Lair branch before Depths: true
     0 | D:1      | 0 ||| qw: Lair rune preference: random
     0 | D:1      | 0 ||| qw: Plans: Normal
     0 | D:1      | 0 ||| PLANNING D:1-11
   201 | D:1      | Reached skill level 5 in Ranged Weapons
   201 | D:1      | Reached XP level 2. HP: 7/25 MP: 1/1
   882 | D:1      | 882 ||| UPGRADING to ring of resist corrosion.
   883 | D:1      | 883 ||| READING scroll labelled WUDUFOIPRA.
   884 | D:1      | 884 ||| READING 2 scrolls labelled DEL QEPSUIFY.
   885 | D:1      | 885 ||| READING scroll labelled VULUCA QOYFUHO.
   886 | D:1      | 886 ||| DROPPING scroll of butterflies.
   887 | D:1      | 887 ||| DROPPING scroll of poison.
   889 | D:1      | 889 ||| Stepping ~*~*~tactically~*~*~ (cloud).
   891 | D:1      | HP: 5/25 [poisoned by you (poison gas)]
   893 | D:1      | HP: 2/25 [poisoned by you (poison gas)]
   895 | D:1      | Succumbed to their own poison gas

Levels and vault maps discovered:
D:1:      psy_arrival_wood_between_worlds, layout_loops_corners

Skill      XL: |  1 |
---------------+----+-----
Ranged Weapons | 5 |  5.0
Fighting       | |  2.8
Dodging        | |  2.1
Stealth        | |  0.7

Action                     || total
---------------------------++-------
   Fire: Shortbow          ||    19
    Use: Scroll            ||     3
 Armour: Leather armour    ||     1

Table legend:
 A = Non-vault XP
 B = Vault XP
 C = Vault XP percentage of total XP
 D = Non-vault monster count
 E = Vault monster count
 F = Vault count percentage of total count
                 A         B        C        D         E       F
            +---------+---------+-------+---------+---------+-------
      Total |      23 |       0 |   0.0 |       7 |       0 |   0.0
            +---------+---------+-------+---------+---------+-------
        D:1 |      23 |       0 |   0.0 |       7 |       0 |   0.0
            +---------+---------+-------+---------+---------+-------
